 Dungeon Crawl Stone Soup version 0.28.0-43-g3370ac3207 (webtiles) character file.

Game seed: 3814487760978875119

2049 smarlow the Covert (level 9, -4/44 HPs)
             Began as a Vine Stalker Enchanter on Mar 17, 2022.
             Was a Follower of Wu Jian.
             Killed by the air
             ... invoked by Gastronok
              (25 damage)
             ... on level 8 of the Dungeon.
             The game lasted 00:18:20 (8292 turns).

smarlow the Covert (Vine Stalker Enchanter)         Turns: 8292, Time: 00:18:20

Health: -4/44      AC:  6    Str: 11    XL:     9   Next: 25%
Magic:  0/29       EV: 13    Int: 17    God:    Wu Jian [*.....]
Gold:   348        SH:  0    Dex: 17    Spells: 10/21 levels left

rFire   . . .      SeeInvis .   a - +1 dagger
rCold   . . .      Faith    .   (no shield)
rNeg    . . .      Spirit   +   b - +0 robe
rPois   .          Reflect  .   (no helmet)
rElec   .          Harm     .   (no cloak)
rCorr   .          Rampage  .   (no gloves)
Will    +....                   (no boots)
Stlth   ++++......              r - amulet of regeneration
HPRegen 1.74/turn               e - +4 ring of protection
MPRegen 0.21/turn               l - ring of magical power

@: confusing by touch, slowed, very slow
A: fangs 3, regeneration 1, magic shield, antimagic bite, no potion heal 2
a: Renounce Religion


You were on level 8 of the Dungeon.
You worshipped Wu Jian.
Wu Jian was aware of your devotion.
You visited 1 branch of the dungeon, and saw 8 of its levels.

You collected 348 gold pieces.

Inventory:

Hand Weapons
 a - a +1 dagger (weapon)
Armour
 b - a +0 robe (worn)
Jewellery
 e - a +4 ring of protection (left hand)
 l - a ring of magical power (right hand)
 p - a ring of positive energy
 r - an amulet of regeneration (around neck)
Wands
 d - a wand of flame (71)
Scrolls
 i - a scroll of blinking
 m - 3 scrolls of fog
 n - a scroll of fear
 o - 2 scrolls of amnesia
Potions
 c - a potion of might {unknown}
 f - 5 potions of curing {unknown}
 g - a potion of lignification {unknown}
 h - 2 potions of degeneration {unknown}
 j - 2 potions of haste {unknown}
 k - 2 potions of attraction {unknown}
 q - a potion of magic {unknown}


   Skills:
 - Level 3.1 Fighting
 - Level 3.5 Short Blades
 - Level 3.4 Dodging
 * Level 8.8 Stealth
 * Level 6.6 Spellcasting
 + Level 5.2 Hexes


You had 10 spell levels left.
You knew the following spells:

 Your Spells              Type           Power      Damage    Failure   Level
a - Ensorcelled Hibernat  Hex/Ice        28%        N/A       6%          2
b - Confusing Touch       Hex            23%        N/A       4%          3
c - Tukima's Dance        Hex            23%        N/A       4%          3
d - Dazzling Flash        Conj/Hex       28%        N/A       12%         3

Your spell library contained the following spells:

 Spells                   Type           Power      Damage    Failure   Level
 Pain                     Necr           20%        1d5       12%         1
 Sting                    Tmut/Pois      20%        1d4       12%         1
 Portal Projectile        Hex/Tloc       28%        N/A       12%         3
 Poisonous Vapours        Pois/Air       10%        N/A       19%         2
 Call Canine Familiar     Summ           5%         N/A       34%         3
 Leda's Liquefaction      Hex/Erth       7%         N/A       38%         4
 Olgreb's Toxic Radiance  Pois           5%         N/A       75%         4
 Agony                    Necr           5%         N/A       97%         5
 Excruciating Wounds      Necr           2%         N/A       97%         5


Dungeon Overview and Level Annotations

Branches:
Dungeon (8/15)             Temple (0/1) D:4
   Lair: D:8-11

Altars:
Gozag
Okawaru
Ru
Wu Jian
Xom
Zin
Beogh

Shops:
D:1 (   D:5 *   D:8 =

Annotations:
D:3 1 runed translucent door, Crazy Yiuf
D:5 3 runed translucent doors, wolfrpgdude's ghost, novice DrBe
D:8 Gastronok


Innate Abilities, Weirdness & Mutations

You have razor-sharp teeth.
Your natural rate of healing is unusually fast.
When hurt, damage is shared between your health and your magic reserves.
Your bite disrupts and absorbs the magic of your enemies.
Potions cannot restore your health.


Message History

You impale the goblin zombie!!
You destroy the goblin zombie!
The Council accepts your kill.
Gastronok chants a spell, wobbling all the while.
Gastronok puts on a burst of speed!
There is a stone staircase leading up here.
You start resting.
Gastronok is nearby!
Aiming: Throw Flame
Press: ? - help, Shift-Dir - straight line, f/p - Gastronok
Aim: Gastronok, wearing the +3 hat of Pondering {ponderous, Will+ MP+10 Int+5} (lightly wounded, covering ground quickly, 100% to hit)
The puff of flame hits Gastronok.
Gastronok is lightly wounded.
Gastronok casts a spell at you.
You feel yourself slow down.
Aiming: Throw Flame
Press: ? - help, Shift-Dir - straight line, f/p - Gastronok
Aim: Gastronok, wearing the +3 hat of Pondering {ponderous, Will+ MP+10 Int+5} (lightly wounded, covering ground quickly, 100% to hit)
The puff of flame hits Gastronok.
Gastronok is lightly wounded.
Aiming: Throw Flame
Press: ? - help, Shift-Dir - straight line, f/p - Gastronok
Aim: Gastronok, wearing the +3 hat of Pondering {ponderous, Will+ MP+10 Int+5} (lightly wounded, covering ground quickly, 100% to hit)
The puff of flame hits Gastronok!
Gastronok is lightly wounded.
Casting: Ensorcelled Hibernation (safe; 6% risk of failure)
Confirm with . or Enter, or press ? or * to list all spells.
Your hands begin to glow red.
You hit Gastronok but do no damage.
Gastronok is lightly wounded.
Gastronok bites you!
You hit Gastronok but do no damage. You bite Gastronok, but do no damage.
Gastronok is lightly wounded.
Gastronok bites you!!
Ouch! That really hurt!
* * * LOW HITPOINT WARNING * * *
Gastronok waves his eye-stalks in wide circles.
The air twists around and strikes you!!
Ouch! That really hurt!
You die...

###########
##.....#.....##
######..........∩(.#
....................#
.............)......#
..$....@......?.....#
###...[.............#
##................#
##......w........#
.................###
....Z###.##.........
..#...#......########
..#...#......#
##..#......#


You could see Gastronok (swift) and a goblin skeleton.

Vanquished Creatures
  2 water moccasins (D:7)
  A black bear (D:4)
  Duvessa (D:5)
  4 ogres
  A necrophage (D:5)
  A bullfrog (D:6)
  3 scorpions
  Dowan (D:5)
  A water moccasin skeleton (D:6)
  2 wyvern skeletons
  3 wights
  2 howler monkeys
  A bullfrog zombie (D:5)
  A centaur zombie (D:5)
  A hound (D:4)
  A jelly (D:7)
  2 bullfrog skeletons
  An orc priest (D:4)
  3 iguanas
  3 orc wizards
  A killer bee zombie (D:5)
  3 gnolls (D:7)
  4 adders
  3 dart slugs
  11 orcs
  4 ball pythons
  3 endoplasms
  6 giant cockroaches (D:1)
  7 goblins
  4 hobgoblins
  5 jackals
  5 kobolds
  6 quokkas
  6 bats
  6 frilled lizards
  A goblin zombie (D:8)
  An orc skeleton (D:8)
  4 rats
115 creatures vanquished.

Vanquished Creatures (collateral kills)
  2 wights (D:6)
  3 orcs (D:6)
5 creatures vanquished.

Vanquished Creatures (others)
  2 dancing weapons (D:6)
  A kobold (D:1)
  5 toadstools (D:1)
8 creatures vanquished.

Grand Total: 128 creatures vanquished

Notes
Turn   | Place    | Note
-------+----------+-------------------------------------------
     0 | D:1      | smarlow the Vine Stalker Enchanter began the quest for the
                  | Orb.
     0 | D:1      | Reached XP level 1. HP: 9/9 MP: 4/4
    19 | D:1      | Reached skill level 1 in Short Blades
   339 | D:1      | Found Mofa's Weapon Emporium.
   371 | D:2      | Reached XP level 2. HP: 10/13 MP: 6/6
   627 | D:2      | Reached skill level 4 in Stealth
   700 | D:2      | Found a shimmering altar of Xom.
   764 | D:2      | Reached XP level 3. HP: 9/16 MP: 5/7
  1008 | D:2      | Learned a level 2 spell: Ensorcelled Hibernation
  1012 | D:2      | Learned a level 3 spell: Confusing Touch
  1015 | D:2      | Found a faded altar of an unknown god.
  2308 | D:1      | Gained mutation: Your natural rate of healing is unusually
                  | fast. [Vine Stalker growth]
  2308 | D:1      | Reached XP level 4. HP: 21/21 MP: 9/9
  2803 | D:3      | Found a runed translucent door.
  2804 | D:3      | Noticed Crazy Yiuf
  3510 | D:4      | Reached skill level 1 in Fighting
  3571 | D:4      | Found an ornate altar of the Wu Jian Council.
  3582 | D:4      | Became a worshipper of the Wu Jian Council
  3603 | D:4      | Reached XP level 5. HP: 25/25 MP: 7/11
  3647 | D:4      | Noticed a black bear
  3663 | D:4      | Killed a black bear
  3664 | D:4      | Reached skill level 5 in Stealth
  3664 | D:4      | Reached XP level 6. HP: 27/30 MP: 9/12
  3761 | D:4      | Learned a level 3 spell: Tukima's Dance
  3765 | D:4      | Learned a level 3 spell: Dazzling Flash
  3884 | D:4      | Found a staircase to the Ecumenical Temple.
  4439 | D:5      | Entered Level 5 of the Dungeon
  4659 | D:5      | Reached XP level 7. HP: 34/34 MP: 9/14
  4733 | D:4      | Reached skill level 6 in Stealth
  5024 | D:5      | Found an opulent altar of Gozag.
  5030 | D:5      | Found Gozag's Platinum Reserve.
  5032 | D:5      | Noticed Dowan
  5071 | D:5      | Noticed Duvessa
  5090 | D:5      | Killed Duvessa
  5117 | D:5      | Killed Dowan
  5194 | D:5      | Identified the +5 ring mail "Monis" {Int+2 SInv Stlth+}
  5207 | D:5      | Found a runed translucent gate.
  5208 | D:5      | Found a runed translucent gate.
  5209 | D:5      | Found a runed translucent gate.
  5211 | D:5      | Noticed wolfrpgdude's ghost (novice DrBe)
  5274 | D:5      | Reached skill level 5 in Spellcasting
  5274 | D:5      | Gained mutation: You have razor-sharp teeth. [Vine Stalker
                  | growth]
  5274 | D:5      | Reached XP level 8. HP: 36/39 MP: 10/16
  5724 | D:6      | Reached skill level 7 in Stealth
  6009 | D:6      | Found a sacrificial altar of Ru.
  6011 | D:6      | Reached * piety under Wu Jian
  6032 | D:6      | Found a glowing silver altar of Zin.
  6902 | D:6      | Found an iron altar of Okawaru.
  7224 | D:7      | Reached skill level 8 in Stealth
  7340 | D:7      | Reached XP level 9. HP: 44/44 MP: 14/19
  7388 | D:7      | Reached skill level 5 in Hexes
  8190 | D:8      | Noticed Gastronok
  8206 | D:8      | Found Qoewoet's Jewellery Boutique.
  8292 | D:8      | Killed from afar by Gastronok

Illustrated notes

Levels and vault maps discovered:
D:1:      ldierk_walled_garden, layout_rooms, serial_shops,
          nicolae_shop_temple_entry_statues_fountains, st_stairs_13
D:2:      layout_loops_corners, shapermc_ecumenical_altar_mp_highgroup,
          basic_altar
D:3:      layout_loops_ring, uniq_crazy_yiuf_cottage
D:4:      layout_loops_ring, mainiacjoe_overflow_tiny_flanked,
          minmay_temple_entry_enclosed_plants, lemuel_flame_loot_1
D:5:      layout_rooms, nicolae_gozag_zags_fifth_avenue,
          biasface_ghost_orc_armoury, minmay_stone_trees_small, uniq_duvessa
D:6:      layout_gridville, nicolae_ru_great_annihilating_truth,
          mainiacjoe_overflow_chevrons, okawaru_metal_pillars_1_2, minmay_holes
D:7:      layout_basic, minmay_misc_feat_five, small_statue_intersection,
          hangedman_decor_lopped, hangedman_decor_riveting
D:8:      layout_rooms, nicolae_tso_besieged_by_evil, enter_ossuary_1,
          serial_shops, shop, shop, uniq_gastronok, uniq_psyche

Skill      XL: |  1  2  3  4  5  6  7  8  9 |
---------------+----------------------------+-----
Short Blades   | 1 2 3 |  3.5
Stealth        | 4 5 6 8 |  8.8
Dodging        | 2 3 |  3.4
Spellcasting   | 3 4 5 6 |  6.6
Fighting       | 1 2 3 |  3.1
Hexes          | 4 5 |  5.2

Action                   |  1- 3 |  4- 6 |  7- 9 || total
-------------------------+-------+-------+-------++-------
Melee: Dagger            |   103 |    93 |   146 ||   342
       Bite              |    20 |    25 |    46 ||    91
       Punch             |     1 |     1 |     2 ||     4
Throw: Throwing net      |       |     1 |       ||     1
 Cast: Ensorcelled Hiber |     5 |    23 |    47 ||    75
       Confusing Touch   |       |     2 |    10 ||    12
       Tukima's Dance    |       |       |     9 ||     9
       Dazzling Flash    |       |       |     1 ||     1
Invok: Lunge             |       |    10 |    29 ||    39
       Whirlwind         |       |       |    10 ||    10
Evoke: Wand              |       |       |     6 ||     6
  Use: Potion            |       |     1 |     1 ||     2
       Scroll            |       |       |     6 ||     6
 Stab: Sleeping          |     7 |    21 |    24 ||    52
       Distracted        |     1 |       |       ||     1
       Held in net/web   |       |     1 |       ||     1
       Invisible         |       |     1 |     5 ||     6
       Confused          |       |     1 |     7 ||     8
Armor: Robe              |    33 |    22 |    38 ||    93
Dodge: Dodged            |    80 |    54 |    81 ||   215
